Map: Jagannatha LE

Players

Ziggy - Winner!

  • Race: Terran Terran
  • Spawn Location: 1:00

LiquidMaNa (MaNa)

  • Race: Protoss Protoss
  • League: Grandmaster
  • Spawn Location: 7:00

Event: DreamHack SC2 Masters 2020 Winter

VOD

Have the link to the VOD?

Description

Time

  • Played on: Oct. 21, 2020, 12:11 p.m.
  • Length: 10:29

All games in this series

Show
View Real Time Build Order
Export as new Build Order

Ziggy Terran - Winner!

Build Orders:  

Get SALT Encoding   

  12  0:00  SCV  
  13  0:12  SCV  
  14  0:17  Supply Depot  
  14  0:24  SCV  
  14  0:27  Refinery  
  15  0:38  SCV  
  16  0:44  Barracks  
  16  0:50  SCV  
  17  1:03  SCV  
  18  1:15  SCV  
  19  1:31  Reaper, Orbital Command  
  20  1:39  Engineering Bay  
  20  1:48  Factory  
  20  1:55  Supply Depot  
  20  1:57  SCV  
  21  2:06  Marine  
  22  2:10  SCV  
  23  2:22  SCV  
  24  2:26  Command Center  
  24  2:33  Widow Mine  
  24  2:34  Marine  
  27  2:43  SCV  
  28  2:44  Supply Depot  
  28  2:54  Marine  
  28  2:55  SCV  
  30  3:06  Widow Mine  
  30  3:08  Refinery  
  30  3:09  Bunker  
  30  3:12  SCV, Marine  
  34  3:25  SCV  
  32  3:27  Widow Mine  
  32  3:30  Marine  
  35  3:37  SCV  
  34  3:42  Orbital Command  
  34  3:44  Starport  
  34  3:49  SCV  
  34  3:50  Factory Tech Lab  
  34  3:52  Barracks Reactor  
  35  4:01  SCV  
  36  4:07  SCV  
  36  4:09  Siege Tank  
  40  4:11  Orbital Command  
  40  4:13  SCV  
  41  4:19  SCV  
  41  4:20  Barracks  
  41  4:22  Starport Tech Lab  
  42  4:27  SCV  
  42  4:28  Marine x2  
  45  4:35  Orbital Command  
  44  4:39  SCV  
  44  4:41  Raven  
  44  4:42  Engineering Bay  
  44  4:43  Barracks  
  47  4:51  SCV  
  48  4:56  Marine  
  48  4:57  Refinery, Marine  
  50  5:00  Siege Tank  
  50  5:03  SCV  
  50  5:05  Supply Depot x2  
  54  5:07  SCV  
  54  5:09  Barracks Tech Lab  
  50  5:15  SCV  
  50  5:19  SCV  
  50  5:20  Marine x2  
  54  5:28  SCV  
  54  5:31  SCV  
  55  5:40  SCV, Stimpack  
  55  5:43  SCV  
  55  5:47  Marine x3  
  59  5:52  SCV  
  59  5:53  Siege Tank  
  59  5:55  SCV  
  62  6:04  SCV, Marine x2  
  62  6:06  Terran Infantry Weapons Level 1  
  62  6:07  SCV  
  66  6:16  SCV  
  66  6:17  Supply Depot, Barracks Tech Lab  
  67  6:18  Supply Depot  
  67  6:19  SCV  
  67  6:23  Marine x2  
  70  6:26  Barracks  
  70  6:31  SCV x2  
  69  6:38  Marine, Siege Tank  
  69  6:39  Marine  
  74  6:40  Starport Reactor  
  74  6:42  Combat Shield, Barracks  
  74  6:43  Supply Depot  
  74  6:44  Refinery  
  74  6:45  Marine x2  
  76  6:50  Supply Depot  
  76  6:52  Supply Depot  
  76  6:56  Marine x2  
  78  7:03  Marine x2  
  80  7:15  Marauder x2  
  84  7:16  Factory Reactor, Marauder  
  84  7:17  Medivac  
  84  7:18  Medivac  
  84  7:21  Marine x2  
  92  7:31  Supply Depot x2  
  92  7:32  Concussive Shells  
  92  7:34  Supply Depot  
  92  7:36  Marauder x2  
  96  7:38  Missile Turret  
  96  7:39  Marauder  
  96  7:40  Marine  
  96  7:50  Medivac x2  
  100  7:55  Marauder  
  100  7:57  Widow Mine  
  101  8:07  Marauder x2, Marine  
  101  8:08  Marauder  
  108  8:17  Marauder  
  108  8:19  Widow Mine x2  
  114  8:23  Medivac  
  116  8:27  Medivac  
  116  8:28  Marauder  
  116  8:29  Marine x2  
  116  8:30  Marauder  
  124  8:40  Marauder, Marine  
  127  8:48  Marine  
  127  8:50  Marauder  
  127  8:52  Marine  
  127  8:53  Marauder  
  132  8:58  Marine  
  132  9:02  Marauder  
  126  9:04  Widow Mine  
  126  9:06  Marine  
  112  9:10  Marine  
  112  9:11  Marauder  
  112  9:14  Marauder  
  112  9:15  Marine  
  107  9:22  Marine  
  107  9:23  Marine  
  98  9:28  Marine, Liberator  
  98  9:32  Marauder, Widow Mine  
  98  9:33  Widow Mine  
  98  9:34  Marauder  
  98  9:35  Marine  
  98  9:36  Liberator  
  109  9:40  Marine  
  109  9:41  Marine  
  100  9:52  Marine  
  101  9:53  Marauder  
  101  9:54  Marauder  
  101  9:55  Marauder, Widow Mine x2  
  101  9:59  Marauder, Marine  
  107  10:10  Marine  
Show
View Real Time Build Order
Export as new Build Order

LiquidMaNa Protoss 

Build Orders:  

Get SALT Encoding   

  12  0:00  Probe  
  13  0:12  Probe  
  14  0:18  Pylon  
  14  0:24  Probe  
  15  0:36  Probe  
  15  0:38  Gateway  
  16  0:48  Probe  
  17  0:51  Pylon  
  17  0:55  Assimilator  
  17  1:01  Probe  
  18  1:09  Gateway  
  18  1:13  Probe  
  19  1:26  Probe  
  19  1:27  Cybernetics Core  
  20  1:38  Probe  
  20  1:39  Assimilator  
  21  1:50  Probe  
  22  2:00  Stalker (Chrono Boost)  
  22  2:02  Probe  
  27  2:10  Pylon  
  27  2:12  Stalker (Chrono Boost)  
  27  2:17  Warp Gate  
  27  2:19  Probe  
  27  2:21  Stalker (Chrono Boost)  
  29  2:31  Probe  
  30  2:42  Stalker (Chrono Boost)  
  30  2:47  Probe  
  33  2:59  Probe  
  33  3:05  Robotics Facility  
  33  3:12  Probe  
  32  3:21  Stalker (Chrono Boost)  
  32  3:24  Probe  
  34  3:36  Probe  
  34  3:48  Probe  
  35  3:52  Warp Prism (Chrono Boost)  
  37  4:00  Probe  
  38  4:03  Pylon  
  38  4:09  Nexus  
  38  4:12  Probe  
  39  4:23  Sentry x2  
  43  4:25  Probe  
  43  4:28  Observer (Chrono Boost)  
  45  4:32  Twilight Council  
  45  4:37  Probe  
  46  4:41  Pylon  
  46  4:42  Observer  
  47  4:59  Probe, Stalker x2  
  52  5:11  Probe  
  53  5:23  Probe  
  53  5:27  Blink (Chrono Boost)  
  55  5:35  Probe  
  56  5:41  Nexus  
  55  5:45  Probe  
  55  5:49  Observer  
  56  5:57  Probe  
  56  6:02  Probe  
  56  6:04  Stalker x2  
  56  6:09  Probe  
  56  6:10  Forge  
  61  6:14  Probe  
  62  6:21  Probe  
  63  6:26  Probe  
  62  6:33  Probe  
  62  6:36  Observer  
  62  6:38  Probe, Gateway  
  62  6:39  Gateway x2  
  64  6:44  Stalker x2, Protoss Ground Weapons Level 1  
  68  6:47  Probe  
  68  6:50  Probe  
  70  7:01  Pylon  
  70  7:02  Probe x2  
  70  7:04  Assimilator  
  70  7:05  Templar Archives  
  70  7:07  Assimilator  
  72  7:15  Stalker x2  
  72  7:17  Probe x2  
  72  7:19  Probe  
  79  7:25  Gateway  
  79  7:26  Gateway  
  79  7:37  Psionic Storm  
  73  7:44  Stalker  
  73  7:45  Stalker x3  
  77  7:53  Gateway  
  77  7:54  Gateway  
  77  8:09  High Templar  
  77  8:10  Zealot x4  
  85  8:19  Shield Battery  
  85  8:22  High Templar  
  85  8:23  Zealot  
  85  8:24  Pylon  
  85  8:25  Pylon  
  85  8:26  Pylon  
  89  8:31  Zealot x2  
  89  8:33  Pylon  
  91  8:44  Zealot x4  
  97  8:51  Zealot x2  
  97  8:52  Zealot x2  
  92  9:03  Stalker  
  92  9:09  Zealot x2  
  83  9:14  Stalker  
  63  9:27  Stalker x2  
  65  9:31  Stalker  
  65  9:32  Probe x2  
  67  9:42  Stalker x2  
  67  9:48  Pylon  
  67  9:51  Stalker  
  63  9:57  Stalker  
  65  10:06  Zealot x2  
  61  10:12  Stalker  
  57  10:20  Zealot  
Tags
 
Add a new tag
Caveats
  • Supply blocks, unpowered buildings, or Contaminate may cause inaccurate times.
  • Supply counts are checked every 10 seconds.